 Dungeon Crawl Stone Soup version 0.29-a0-88-g03a7b78be7 (webtiles) character file.

Game seed: 6672599333622188627

35 Hubjo the Sneak (level 3, -2/26 HPs)
             Began as a Vampire Enchanter on Feb 6, 2022.
             Was a Believer of Jiyva.
             Slain by a goblin (4 damage)
             ... on level 3 of the Dungeon.
             The game lasted 00:02:32 (986 turns).

Hubjo the Sneak (Vampire Enchanter)                  Turns: 986, Time: 00:02:34

Health: -2/26      AC:  2    Str:  7    XL:     3   Next: 16%
Magic:  6/6        EV: 12    Int: 17    God:    Jiyva [**....]
Gold:   52         SH:  0    Dex: 16    Spells: 6/6 levels left

rFire   + . .      SeeInvis +   a - +1 dagger
rCold   x . .      Faith    .   (no shield)
rNeg    . . .      Spirit   .   b - +0 robe
rPois   +          Reflect  .   (no helmet)
rElec   .          Harm     .   (no cloak)
rCorr   +          Rampage  .   (no gloves)
Will    .....                   (no boots)
Stlth   +++.......              (no amulet)
HPRegen 1.24/turn               h - ring of poison resistance
MPRegen 0.40/turn               f - ring of fire

@: healing quickly
A: alive, fangs 3, see invisible, vampiric 2
a: Exsanguinate, Renounce Religion


You were on level 3 of the Dungeon.
You worshipped Jiyva.
Jiyva was pleased with you.
You visited 1 branch of the dungeon, and saw 3 of its levels.

You collected 52 gold pieces.

Inventory:

Hand Weapons
 a - a +1 dagger (weapon)
Armour
 b - a +0 robe (worn)
Jewellery
 f - a ring of fire (right hand)
 h - a ring of poison resistance (left hand)
Scrolls
 e - 2 scrolls of noise {unknown}
 g - a scroll of fog {unknown}
Potions
 c - a potion of invisibility
 d - a potion of resistance {unknown}


   Skills:
 * Level 1.2 Fighting
 + Level 1.6 Short Blades
 + Level 2.4 Dodging
 * Level 5.0 Stealth
 - Level 2.0 Spellcasting
 + Level 4.7 Hexes


You had 6 spell levels left.
You didn't know any spells.
Your spell library contained the following spells:

 Spells                   Type           Power      Damage    Failure   Level
 Confusing Touch          Hex            17%        N/A       9%          3
 Tukima's Dance           Hex            17%        N/A       9%          3
 Ensorcelled Hibernation  Hex/Ice        18%        N/A       11%         2
 Magic Dart               Conj           4%         1d3       19%         1
 Dazzling Flash           Conj/Hex       18%        N/A       22%         3
 Call Imp                 Summ           1%         N/A       28%         2
 Ignite Poison            Fire/Tmut/Pois 2%         N/A       50%         3
 Mephitic Cloud           Conj/Pois/Air  1%         N/A       50%         3
 Freezing Cloud           Conj/Ice/Air   0%         6-21      99%         5


Dungeon Overview and Level Annotations

Branches:
Dungeon (3/15)

Altars:
Kikubaaqudgha
Jiyva


Innate Abilities, Weirdness & Mutations

Your natural rate of healing is accelerated.
You have razor-sharp teeth.
You have supernaturally acute eyesight. (SInv)
You are afflicted with vampirism and can become a bat while bloodless.


Message History

The goblin shouts!
You barely miss the orc. The bat hits you. The orc barely misses you.
You barely miss the orc. You bite the orc, but do no damage.
The bat misses you. The bat hits you. The orc hits you with a +0 mace.
You hit the orc but do no damage. The bat hits you. The orc closely misses you.
The goblin completely misses you.
You hit the orc.
The orc is lightly wounded.
The bat hits you but does no damage. The orc barely misses you.
You hit the orc.
The orc is moderately wounded.
The bat hits you but does no damage. The goblin misses you.
You barely miss the orc. You bite the orc, but do no damage.
The orc is moderately wounded.
The bat hits you. x2; The orc hits you with a +0 mace.
The goblin hits you with a +0 dagger.
You closely miss the orc.
The orc is moderately wounded.
The orc hits you with a +0 mace. The goblin hits you with a +0 dagger.
The bat misses you.
You hit the orc but do no damage. Your bite misses the orc.
The orc is moderately wounded.
The bat hits you but does no damage. The orc barely misses you.
The goblin closely misses you. The bat closely misses you.
You hit the orc.
The orc is heavily wounded.
The bat hits you but does no damage. The orc hits you with a +0 mace.
The goblin hits you with a +0 dagger.
You barely miss the orc.
The orc is heavily wounded.
The bat hits you but does no damage. The orc misses you.
The goblin hits you with a +0 dagger.
* * * LOW HITPOINT WARNING * * *
You hit the orc. Your punch misses the orc.
The orc is severely wounded.
The bat hits you but does no damage. The bat closely misses you.
The orc hits you with a +0 mace.
* * * LOW HITPOINT WARNING * * *
The goblin hits you with a +0 dagger.
You die...

.. ..#.##...##..
#..# .. ###.#
..##....##†####
##.... #....#
#......#.####
#......#.#
...#...# .
#.###.####
....##........#
.....bo@.####....#
#..#..g......###.#
#.#.#.###..# #
#.... . ....##
####.# ... ..


You could see an orc, a goblin and a bat.

Vanquished Creatures
  A worm (D:2)
  A dart slug (D:3)
  8 ball pythons
  An endoplasm (D:1)
  2 giant cockroaches (D:1)
  2 hobgoblins
  3 kobolds (D:1)
  A quokka (D:1)
  A bat (D:1)
  3 frilled lizards
  8 rats
31 creatures vanquished.

Vanquished Creatures (others)
  A jelly (D:2)
  2 ball pythons
  An endoplasm (D:2)
  A goblin (D:2)
  A bat (D:2)
  A kobold (D:3)
7 creatures vanquished.

Grand Total: 38 creatures vanquished

Notes
Turn   | Place    | Note
-------+----------+-------------------------------------------
     0 | D:1      | Hubjo the Vampire Enchanter began the quest for the Orb.
     0 | D:1      | Reached XP level 1. HP: 13/13 MP: 3/3
   201 | D:1      | Reached XP level 2. HP: 20/20 MP: 5/5
   538 | D:1      | Found a faded altar of an unknown god.
   544 | D:1      | Prayed at the altar of an unknown god.
   544 | D:1      | Became a worshipper of Jiyva Jaemnig the Shapeless
   544 | D:1      | Reached * piety under Jiyva
   620 | D:1      | You fall into a shaft and drop 1 floor!
   733 | D:2      | Reached skill level 1 in Fighting
   755 | D:2      | Reached skill level 5 in Stealth
   807 | D:2      | Reached ** piety under Jiyva
   860 | D:2      | Found an ancient bone altar of Kikubaaqudgha.
   877 | D:2      | Gained mutation: You are afflicted with vampirism and can
                  | become a bat while bloodless. [Vampire growth]
   877 | D:2      | Reached XP level 3. HP: 26/26 MP: 6/6
   908 | D:2      | You fall into a shaft and drop 1 floor!
   986 | D:3      | Slain by a goblin

Illustrated notes

Levels and vault maps discovered:
D:1:      lemuel_arrival_cross, layout_basic,
          hellmonk_ecumenical_altar_crossroads
D:2:      layout_basic, basic_altar, bh_walls_and_bars, uniq_terence
D:3:      layout_rooms, minmay_misc_feat_secret_circle, grunt_ministairs_1,
          minmay_misc_feat_x

Skill      XL: |  1  2 |
---------------+-------+-----
Fighting       | 1 |  1.2
Stealth        | 5 |  5.0
Short Blades   | |  1.6
Dodging        | |  2.4
Spellcasting   | |  2.0
Hexes          | |  4.7

Action                   || total
-------------------------++-------
Melee: Dagger            ||   121
       Bite              ||    14
       Punch             ||     1
 Stab: Sleeping          ||     7
Armor: Robe              ||    21
Dodge: Dodged            ||    73

Table legend: (Time is in decaauts)
 A = Elapsed time spent in this place.
 B = Non-inter-level travel time spent in this place.
 C = Inter-level travel time spent in this place.
 D = Time resting spent in this place.
 E = Time spent auto-exploring this place.
 F = Levels seen in this place.
 G = Mean time per level.
                   A        B        C        D        E       F      G
               +--------+--------+--------+--------+--------+-----+--------+
         Total |    975 |    900 |     75 |      0 |    581 |   3 |  325.0 |
       Dungeon |    975 |    900 |     75 |      0 |    581 |   3 |  325.0 |
               +--------+--------+--------+--------+--------+-----+--------+

Top non-repeatable levels by time:
     D:1: 616 daAuts
     D:2: 283 daAuts
     D:3: 76 daAuts
